 Dungeon Crawl Stone Soup version 0.30-a0-335-ge5acde7520 (webtiles) character file.

Game seed: 231410684544316786

37 jfcaron the Poker (level 3, 0/31 HPs)
             Began as a Gnoll Reaver on Oct 30, 2022.
             Slain by a gnoll
             ... wielding a +0 whip
              (2 damage)
             ... on level 1 of the Dungeon.
             The game lasted 00:03:07 (965 turns).

jfcaron the Poker (Gnoll Reaver)                     Turns: 965, Time: 00:03:08

Health: 0/31       AC:  6    Str: 13    XL:     3   Next: 41%
Magic:  9/9        EV: 10    Int: 12    God:
Gold:   21         SH:  0    Dex: 10    Spells: 9/12 levels left

rFire   . . .      SeeInvis .    a - +0 spear
rCold   . . .      Faith    .    (no shield)
rNeg    . . .      Spirit   .    l - +0 scale mail
rPois   .          Reflect  .    (helmet restricted)
rElec   .          Harm     .    (no cloak)
rCorr   .          Rampage  .    (no gloves)
Will    .....                    (no boots)
Stlth   ..........               (no amulet)
HPRegen 0.25/turn                (no ring)
MPRegen 0.11/turn                (no ring)

@: brilliant, invisible
A: fangs 1, strong nose, distributed training, antennae 1, subdued magic 1
a: no special abilities


You were on level 1 of the Dungeon.
You visited 1 branch of the dungeon, and saw 2 of its levels.

You collected 21 gold pieces.

Inventory:

Hand Weapons
 a - a +0 spear (weapon)
Missiles
 e - 10 stones
Armour
 b - a +0 leather armour
 l - a +0 scale mail (worn)
Magical Staves
 j - a staff of air
Scrolls
 d - 3 scrolls of identify {unknown}
 f - a scroll of vulnerability {unknown}
 g - a scroll of noise {unknown}


   Skills:
 + Level 4.5 Fighting
 + Level 0.8 Short Blades
 + Level 0.8 Long Blades
 + Level 0.8 Axes
 + Level 0.8 Maces & Flails
 + Level 6.5 Polearms
 + Level 0.8 Staves
 + Level 0.8 Ranged Weapons
 + Level 0.8 Throwing
 + Level 0.8 Armour
 + Level 4.5 Dodging
 + Level 0.8 Stealth
 + Level 0.8 Shields
 + Level 0.8 Unarmed Combat
 + Level 5.0 Spellcasting
 + Level 5.4 Conjurations
 + Level 0.5 Hexes
 + Level 0.5 Summonings
 + Level 0.5 Necromancy
 + Level 0.5 Translocations
 + Level 0.5 Transmutations
 + Level 0.5 Fire Magic
 + Level 0.5 Ice Magic
 + Level 0.5 Air Magic
 + Level 0.5 Earth Magic
 + Level 0.5 Poison Magic
 + Level 1.0 Invocations
 + Level 0.8 Evocations


You had 9 spell levels left.
You knew the following spells:

 Your Spells              Type           Power      Damage    Failure   Level
a - Kiss of Death         Conj/Necr      44%        2d8       24%         1
b - Momentum Strike       Conj/Tloc      22%        3d8       34%         2

Your spell library contained the following spells:

 Spells                   Type           Power      Damage    Failure   Level
 Hailstorm                Conj/Ice       11%        3d5       58%         3


Dungeon Overview and Level Annotations

Branches:
Dungeon (2/15)

Altars:


Innate Abilities, Weirdness & Mutations

You have very sharp teeth.
Your uncanny sense of smell can sniff out nearby items.
Your experience applies equally to all skills.
You have a pair of small antennae on your head.
Your spells are a little easier to cast, but a little less powerful.


Message History

* * * LOW HITPOINT WARNING * * *
You barely miss the gnoll.
The gnoll is moderately wounded.
The gnoll hits you with a +0 whip.
* * * LOW HITPOINT WARNING * * *
The gnoll hits you from afar with a +0 spear.
* * * LOW HITPOINT WARNING * * *
You feel better. The gnoll hits you but does no damage.
The gnoll attacks as you move away! The gnoll misses you.
The gnoll attacks as you move away! The gnoll hits you with a +0 whip.
* * * LOW HITPOINT WARNING * * *
The gnoll attacks as you move away! The gnoll hits you with a +0 whip.
* * * LOW HITPOINT WARNING * * *
The gnoll attacks as you move away! The gnoll hits you with a +0 whip.
* * * LOW HITPOINT WARNING * * *
There is a stone staircase leading up here.
The gnoll hits you with a +0 whip.
* * * LOW HITPOINT WARNING * * *
The gnoll barely misses you.
You climb upwards.
There is a stone staircase leading down here.
Unknown command.
It was a potion of brilliance.
You feel clever all of a sudden. The gnoll closely misses you.
It was a potion of invisibility.
You fade into invisibility!
The gnoll hits you with a +0 whip.
* * * LOW HITPOINT WARNING * * *
It was a potion of mutation.
You feel extremely strange.
Your connection to magic feels subdued.
A pair of antennae grows on your head! The gnoll closely misses you.
Unknown command.
Unknown command.
You hit the gnoll. You bite the gnoll, but do no damage.
The gnoll is heavily wounded.
You barely miss the gnoll. You bite the gnoll.
The gnoll is heavily wounded.
The gnoll hits you with a +0 whip.
You die...

.........##.###.##.##..........##
###########.# #.##.##..#####.####
# #.# #.##.##..# #.# ## #
##.###.##.##..# #.###. #
##...##.##.##..# #.....
#########.....#.##.##.>## ###.##
.................#......# #..##)
#########......#........####.####
........##...#..@#####..##...#.#.
#######.....###.g...........#.⌠.#
####### ########..###..#.## #..#
##.#### #..# ##.##. #..######.##
#........... #########... #...


You could see a gnoll (unable to see you).

Vanquished Creatures
  A gnoll (D:2)
  5 ball pythons
  4 endoplasms
  4 goblins (D:1)
  A hobgoblin (D:1)
  5 bats
  3 frilled lizards
  7 rats
30 creatures vanquished.

Notes
Turn   | Place    | Note
-------+----------+-------------------------------------------
     0 | D:1      | jfcaron the Gnoll Reaver began the quest for the Orb.
     0 | D:1      | Reached XP level 1. HP: 20/20 MP: 6/6
   256 | D:1      | Reached XP level 2. HP: 26/26 MP: 7/7
   805 | D:2      | Learned a level 2 spell: Momentum Strike
   874 | D:2      | Reached skill level 5 in Spellcasting
   874 | D:2      | Reached XP level 3. HP: 31/31 MP: 7/9
   941 | D:2      | Reached skill level 1 in Invocations
   946 | D:2      | HP: 6/31 [gnoll/+0 whip (4)]
   947 | D:2      | HP: 1/31 [gnoll/+0 spear (5)]
   958 | D:2      | HP: 6/31 [gnoll/+0 whip (2)]
   959 | D:2      | HP: 1/31 [gnoll/+0 whip (5)]
   963 | D:1      | Gained mutation: Your spells are a little easier to cast,
                  | but a little less powerful. [potion of mutation]
   963 | D:1      | Gained mutation: You have a pair of small antennae on your
                  | head. [potion of mutation]
   965 | D:1      | Slain by a gnoll

Illustrated notes

Levels and vault maps discovered:
D:1:      scummos_arrival_checkerplants, layout_loops_ring,
          grunt_decor_mini_mirrors, minivault_27
D:2:      layout_loops_ring, basic_altar, hellmonk_ecumenical_altar_lost_god

Skill      XL: |  1  2  3 |
---------------+----------+-----
Spellcasting   | 5 |  5.0
Invocations    | 1 |  1.0
Fighting       | |  4.5
Short Blades   | |  0.8
Long Blades    | |  0.8
Axes           | |  0.8
Maces & Flails | |  0.8
Polearms       | |  6.5
Staves         | |  0.8
Ranged Weapons | |  0.8
Throwing       | |  0.8
Armour         | |  0.8
Dodging        | |  4.5
Stealth        | |  0.8
Shields        | |  0.8
Unarmed Combat | |  0.8
Conjurations   | |  5.4
Hexes          | |  0.5
Summonings     | |  0.5
Necromancy     | |  0.5
Translocations | |  0.5
Transmutations | |  0.5
Fire Magic     | |  0.5
Ice Magic      | |  0.5
Air Magic      | |  0.5
Earth Magic    | |  0.5
Poison Magic   | |  0.5
Evocations     | |  0.8

Action                   || total
-------------------------++-------
Melee: Spear             ||   118
       Bite              ||     9
  Use: Potion            ||     6
 Stab: Sleeping          ||     5
Armor: Leather armour    ||    15
       Scale mail        ||     3
Dodge: Dodged            ||    48

Table legend: (Time is in decaauts)
 A = Elapsed time spent in this place.
 B = Non-inter-level travel time spent in this place.
 C = Inter-level travel time spent in this place.
 D = Time resting spent in this place.
 E = Time spent auto-exploring this place.
 F = Levels seen in this place.
 G = Mean time per level.
                   A        B        C        D        E       F      G
               +--------+--------+--------+--------+--------+-----+--------+
         Total |    939 |    881 |     58 |      0 |    681 |   2 |  469.5 |
       Dungeon |    939 |    881 |     58 |      0 |    681 |   2 |  469.5 |
               +--------+--------+--------+--------+--------+-----+--------+

Top non-repeatable levels by time:
     D:1: 780 daAuts
     D:2: 158 daAuts
